 Dungeon Crawl Stone Soup version 0.30-b1-2-g02819fbbbe (webtiles) character file.

Game seed: 11207357278922663915

168 Alarkh the Insei (level 5, 0/37 HPs)
             Began as a Demonspawn Transmuter on July 4, 2023.
             Slain by a gnoll
             ... wielding a +0 spear
              (4 damage)
             ... on level 2 of the Dungeon.
             The game lasted 00:02:29 (1732 turns).

Alarkh the Insei (Demonspawn Transmuter)            Turns: 1732, Time: 00:02:30

Health: 0/37       AC:  2    Str: 11    XL:     5   Next: 23%
Magic:  8/9        EV: 12    Int: 18    God:
Gold:   29         SH:  0    Dex: 13    Spells: 8/9 levels left

rFire   . .          .
                       - Unarmed
rCold   . . .        (no shield)
rNeg    . . .        a - +0 robe
rPois   .            (helmet currently unavailable)
rElec   .            (no cloak)
rCorr   .            (no gloves)
SInv    +            (boots currently unavailable)
Will    .....        (no amulet)
Stlth   +            i - ring of see invisible
HPRegen 0.26/turn    (no ring)
MPRegen 0.11/turn

%: no passive effects
@: appendages
A: horns 2, talons 2, claws 2, big brain 1
a: End Transformation


You were on level 2 of the Dungeon.
You had temporarily grown beastly horns and talons.
You visited 1 branch of the dungeon, and saw 2 of its levels.

You collected 29 gold pieces.

Inventory:

Armour
 a - a +0 robe (worn)
Jewellery
 e - a ring of ice
 i - a ring of see invisible (left claw)
Scrolls
 c - a scroll of magic mapping {unknown}
 g - a scroll of fog {unknown}
 j - 2 scrolls of teleportation {unknown}
Potions
 b - a potion of lignification
 d - 3 potions of brilliance
 h - 2 potions of curing


   Skills:
 - Level 1.0 Fighting
 - Level 1.7 Dodging
 * Level 4.5 Unarmed Combat
 + Level 2.9 Spellcasting
 + Level 2.7 Transmutations


You had 8 spell levels left.
You knew the following spells:

 Your Spells              Type           Power      Damage    Failure   Level
a - Beastly Appendage     Tmut           24%        N/A       5%          1

Your spell library contained the following spells:

 Spells                   Type           Power      Damage    Failure   Level
 Wereblood                Tmut           12%        N/A       9%          2
 Spider Form              Tmut/Pois      7%         N/A       28%         3
 Ice Form                 Ice/Tmut       7%         N/A       67%         4


Dungeon Overview and Level Annotations

Branches:
Dungeon (2/15)

Altars:
Ashenzari


Innate Abilities, Weirdness & Mutations

You have temporarily grown beastly horns and talons.
You have very sharp fingernails.
You have an unusually large brain. (Int +2)


Message History

The gnoll closely misses you. x2
You claw the gnoll!
The gnoll is severely wounded.
The gnoll closely misses you.
The gnoll hits you from afar with a +0 spear.
You scratch the gnoll.
You kill the gnoll!
Your transformation is almost over.
The gnoll hits you from afar with a +0 spear.
You are too injured to fight recklessly!
You are too injured to fight recklessly!
You are too injured to fight recklessly!
You barely miss the gnoll. You claw the gnoll. You headbutt the gnoll.
The gnoll is heavily wounded.
The gnoll completely misses you.
The gnoll hits you from afar with a +0 spear.
You scratch the gnoll. Your kick misses the gnoll. You claw the gnoll.
You kill the gnoll!
The gnoll unwields a +0 spear.
The gnoll wields a +0 sling.
The gnoll shoots a sling bullet.
The sling bullet hits you.
* * * LOW HITPOINT WARNING * * *
Items here: )) ††.
You closely miss the gnoll. Your kick misses the gnoll.
The gnoll is heavily wounded.
The gnoll unwields a +0 sling.
The gnoll wields a +0 spear.
The gnoll hits you with a +0 spear.
* * * LOW HITPOINT WARNING * * *
Casting: Beastly Appendage (safe; 5% risk of failure)
Confirm with . or Enter, or press ? or * to list all spells.
You extend your transformation's duration.
The gnoll completely misses you.
Unknown command.
You scratch the gnoll. Your kick misses the gnoll.
The gnoll is severely wounded.
The gnoll hits you with a +0 spear.
* * * LOW HITPOINT WARNING * * *
You closely miss the gnoll.
The gnoll is severely wounded.
The gnoll hits you with a +0 spear.
You die...

###### .....###
#......########### ..
###...........†.....
$..##.'.......#####.####
......#g......#.<.....#
...##.)@##......###.#.#
#.....#>#####.#.#...#.#
#.##.....####.#.#.### #
#.##.....'....#.#.
#........######.#.
#........'......##
#........######..
#........#.....
#......###.....


You could see a gnoll.

Vanquished Creatures
  A howler monkey (D:2)
  Terence (D:2)
  3 gnolls (D:2)
  4 adders (D:2)
  A worm (D:2)
  4 ball pythons
  5 endoplasms
  A giant cockroach (D:1)
  3 goblins
  3 quokkas
  5 bats (D:1)
  5 kobolds
  5 rats
41 creatures vanquished.

Notes
Turn   | Place    | Note
-------+----------+-------------------------------------------
     0 | D:1      | Alarkh the Demonspawn Transmuter began the quest for the
                  | Orb.
     0 | D:1      | Reached XP level 1. HP: 15/15 MP: 3/3
   101 | D:1      | Found a faded altar of an unknown god.
   226 | D:1      | Reached skill level 3 in Unarmed Combat
   342 | D:1      | Gained mutation: You have sharp fingernails. [demonic
                  | ancestry]
   342 | D:1      | Reached XP level 2. HP: 21/21 MP: 3/5
  1122 | D:2      | Noticed Terence
  1193 | D:2      | Gained mutation: You have an unusually large brain. (Int
                  | +2) [demonic ancestry]
  1193 | D:2      | Reached XP level 3. HP: 17/26 MP: 4/6
  1398 | D:2      | Found a broken altar of Ashenzari.
  1578 | D:2      | Reached skill level 4 in Unarmed Combat
  1578 | D:2      | Gained mutation: You have very sharp fingernails. [demonic
                  | ancestry]
  1578 | D:2      | Reached XP level 4. HP: 29/32 MP: 5/7
  1619 | D:2      | Killed Terence
  1662 | D:2      | Reached XP level 5. HP: 32/37 MP: 7/9
  1732 | D:2      | Slain by a gnoll

Illustrated notes

Levels and vault maps discovered:
D:1:      scummos_arrival_simple_crosswalls, layout_basic,
          hellmonk_ecumenical_altar_pennies_from_heaven
D:2:      minmay_general_purpose_star, layout_basic, basic_altar,
          minmay_diced_spiral, uniq_jessica, uniq_terence

Skill      XL: |  1  2  3 |
---------------+----------+-----
Unarmed Combat | 3 4 |  4.5
Transmutations | 2 |  2.7
Fighting       | |  1.0
Dodging        | |  1.7
Spellcasting   | |  2.9

Action                     |  1- 3 |  4- 6 || total
---------------------------+-------+-------++-------
  Melee: Unarmed           |    93 |    22 ||   115
         Kick              |    13 |     2 ||    15
         Headbutt          |    10 |     2 ||    12
         Punch             |     1 |     2 ||     3
   Cast: Beastly Appendage |    18 |     3 ||    21
    Use: Scroll            |     3 |       ||     3
         Potion            |       |     1 ||     1
   Stab: Sleeping          |     2 |       ||     2
 Armour: Robe              |    22 |       ||    22
         Skin              |       |     4 ||     4
  Dodge: Dodged            |    48 |    10 ||    58
